AoeStats
← caaruizma

Oasis

509389337Analyzed
2v2 RM · 7d ago on Sep 26, 2026· 85m 20s· 4 players
Game mode
Random Map
Map size
Medium (4 player)
Population
200
Speed
Normal
Resources
Standard
Victory
Conquest
Starting age
Dark Age
Ending age
Imperial Age
RankedLock teamsTeams togetherTeam positionsShared explorationLock speedFull tech treeHidden civsTurbo modeCheats
Victory
Defeat
🇨🇴 Wei · Colombia
1101
+17
🇨🇴 Saxons · Colombia
1099
+17
🇮🇩 Shu · Indonesia
1122
-17
🇮🇩 Danes · Indonesia
1119
-17
cfosorioq
9:25 Loom
11:57 Feudal Age
17:31 Castle Age
15:43 Double-Bit Axe
17:24 Horse Collar
17:37 Gold Mining
24:36 Bow Saw
28:55 Heavy Plow
29:38 Gold Shaft Mining
28:58 Stone Mining
29:45 Wheelbarrow
29:42 Caravan
31:12 Hand Cart
31:26 Scale Barding Armor
32:08 Fortified Wall
32:01 Town Watch
36:17 Imperial Age
35:05 Forging
34:56 Scale Mail Armor
35:20 Masonry
35:31 Ballistics
37:21 Iron Casting
37:08 Chain Barding Armor
37:04 Chain Mail Armor
36:59 Town Patrol
37:34 Architecture
37:17 Fletching
37:30 Padded Archer Armor
37:52 Chain Mail Armor
37:03 Elite Varangian Guard
37:29 Gambesons
37:44 Squires
37:30 Arson
39:01 Two-Man Saw
38:02 Bodkin Arrow
39:12 Chemistry
38:52 Crop Rotation
38:19 Man-at-Arms
38:20 Pikeman
39:25 Shield Wall
40:29 Conscription
40:41 Bracer
41:08 Bloodlines
40:58 Husbandry
40:54 Onager
42:19 Siege Engineers
42:02 Clerical Recruitment
43:18 Hoardings
43:30 Plate Mail Armor
43:15 Leather Archer Armor
43:50 Murder Holes
45:41 Cavalier
46:50 Elite Hearth Troop
46:56 Crossbowman
47:42 Thumb Ring
47:30 Arbalester
49:23 Ring Archer Armor
caaruizma
11:12 Feudal Age
12:26 Double-Bit Axe
15:42 Castle Age
14:01 Horse Collar
24:19 Bow Saw
24:12 Heavy Plow
25:36 Stone Mining
26:53 Stone Shaft Mining
28:39 Wheelbarrow
28:41 Gold Mining
29:12 Caravan
30:14 Gold Shaft Mining
30:10 Padded Archer Armor
30:00 Fletching
30:21 Forging
30:55 Tuntian
32:39 Thumb Ring
35:17 Imperial Age
32:36 Loom
32:41 Town Watch
34:11 Hand Cart
33:58 Town Patrol
35:20 Elite Tiger Cavalry
36:53 Ming Guang Armor
36:53 Conscription
37:12 Hoardings
37:13 Parthian Tactics
37:06 Scale Barding Armor
36:57 Bodkin Arrow
37:14 Forging
37:20 Leather Archer Armor
37:47 Crop Rotation
38:35 Chain Barding Armor
39:23 Chemistry
38:44 Ballistics
38:35 Fortified Wall
38:23 Murder Holes
39:44 Treadmill Crane
40:15 Masonry
42:07 Iron Casting
41:33 Bracer
42:04 Ring Archer Armor
42:23 Capped Ram
44:29 Siege Ram
47:02 Blast Furnace
KEENION
11:22 Feudal Age
13:56 Gold Mining
13:52 Double-Bit Axe
13:51 Horse Collar
21:08 Castle Age
18:55 Loom
23:07 Bow Saw
23:01 Heavy Plow
27:32 Fortified Wall
27:45 Ballistics
27:37 Fortified Wall
28:11 Wheelbarrow
28:02 Stone Mining
28:27 Treadmill Crane
28:47 Murder Holes
28:48 Fletching
30:35 Gold Shaft Mining
31:46 Padded Archer Armor
31:41 Bodkin Arrow
32:02 Masonry
32:18 Crossbowman
33:03 Thumb Ring
33:23 Leather Archer Armor
33:23 Forging
33:56 Squires
33:42 Gambesons
33:51 Gambesons
33:53 Arson
38:45 Imperial Age
36:06 Town Watch
36:37 Hand Cart
37:49 Coiled Serpent Array
39:44 Arbalester
40:47 Conscription
39:48 Elite White Feather Guard
39:54 Elite White Feather Guard
40:55 Bolt Magazine
42:25 Husbandry
41:49 Heavy Hei Guang Cavalry
41:52 Light Cavalry
42:45 Bracer
43:15 Ring Archer Armor
42:46 Scale Mail Armor
42:51 Scale Barding Armor
45:34 Chain Mail Armor
46:23 Chemistry
45:29 Siege Engineers
57:05 Plate Mail Armor
56:56 Chain Barding Armor
67:04 Caravan
66:57 Arrowslits
Queen of Hearts
4:09 Loom
10:20 Feudal Age
17:40 Castle Age
21:57 Forging
21:48 Double-Bit Axe
21:46 Horse Collar
26:34 Heavy Plow
26:46 Bow Saw
26:44 Scale Mail Armor
27:26 Wheelbarrow
26:45 Gold Mining
26:47 Stone Mining
27:41 Caravan
28:11 Hamask
30:13 Gold Shaft Mining
30:14 Stone Shaft Mining
32:57 Imperial Age
30:54 Hand Cart
31:58 Murder Holes
32:23 Ballistics
32:26 Chain Mail Armor
32:47 Iron Casting
34:35 Plate Mail Armor
35:16 Chemistry
34:15 Elite Varangian Guard
34:41 Arson
34:57 Squires
34:42 Gambesons
34:32 Elite Jomsviking
37:29 Town Watch
38:00 Masonry
37:56 Siege Engineers
39:01 Blast Furnace
37:57 Fletching
41:20 Northmen's Fury
43:19 Hoardings
43:20 Bodkin Arrow
43:58 Coinage
51:14 Bracer
55:17 Onager
58:36 Siege Onager
62:53 Pikeman
67:46 Halberdier
Connection lost

Rejoining the realm…

Still unreachable

The connection could not be restored.

Session expired

The server has moved on; the page needs a fresh start.